 Dungeon Crawl Stone Soup version 0.19.4-9-g45fd643 (webtiles) character file.

37 Rrauwl the Grasshopper (level 3, -2/18 HPs)
             Began as a Vine Stalker Warper on Feb 20, 2017.
             Slain by an adder (3 damage)
             ... on level 2 of the Dungeon.
             The game lasted 00:05:49 (1170 turns).

Rrauwl the Grasshopper (Vine Stalker Warper)        Turns: 1170, Time: 00:05:49

Health: -2/18      AC:  4    Str: 13    XL:     3   Next: 39%
Magic:  0/7        EV: 12    Int: 13    God:
Gold:   74         SH:  0    Dex: 14    Spells: 0 memorised, 7 levels left

rFire  + . .     SeeInvis .     a - +0 spear
rCold  + . .     Gourm    +     b - +0 leather armour
rNeg   . . .     Faith    .     (no shield)
rPois  +         Spirit   +     (no helmet)
rElec  +         Reflect  .     n - +0 cloak
rCorr  +         Harm     .     (no gloves)
MR     .....                    (no boots)
Stlth  +.........               o - amulet of the gourmand
                                (no ring)
                                (no ring)

@: resistant
A: fangs 2, magic shield, antimagic bite, no device heal 3, rot immunity
a: no special abilities


You were on level 2 of the Dungeon.
You were hungry.

You visited 1 branch of the dungeon, and saw 2 of its levels.

You collected 74 gold pieces.

Inventory:

Hand Weapons
 a - a +0 spear (weapon)
Missiles
 e - 5 tomahawks of dispersal (quivered)
Armour
 b - a +0 leather armour (worn)
 n - a +0 cloak (worn)
Jewellery
 o - an amulet of the gourmand (around neck)
Scrolls
 d - a scroll of blinking
Books
 c - a book of Spatial Translocations

   Spells                             Type                      Level
   a - Blink                          Translocation                2
   b - Shroud of Golubria             Charms/Translocation         2
   c - Lesser Beckoning               Translocation                3
   d - Portal Projectile              Translocation                3
   e - Teleport Other                 Translocation                3
   f - Passage of Golubria            Translocation                4
Comestibles
 f - 2 bread rations
 j - a meat ration
 l - a slice of pizza


   Skills:
 + Level 2.0 Fighting
 + Level 2.1 Polearms
 + Level 1.3 Throwing
 + Level 1.2 Armour
 + Level 1.7 Dodging
 + Level 0.6 Stealth
 + Level 2.6 Spellcasting
   Level 3.0 Translocations


You had 7 spell levels left.
You didn't know any spells.

Dungeon Overview and Level Annotations

Branches:
Dungeon (2/15)

Altars:


Innate Abilities, Weirdness & Mutations

You have extremely sharp teeth.
When hurt, damage is shared between your health and your magic reserves.
Your bite disrupts and absorbs the magic of your enemies.
Potions and wands cannot restore your health.
You are immune to rotting.


Message History

The adder closely misses you.
You miss the adder. You bite the adder. You drain its power.
You feel invigorated.
The adder is severely wounded.
The adder bites you.
You hit the adder. Your bite misses the adder.
The adder is severely wounded.
The adder bites you but does no damage. The adder barely misses you.
You closely miss the adder. Your bite misses the adder.
The adder is severely wounded.
The adder bites you but does no damage.
You are too injured to fight recklessly!
You are too injured to fight recklessly!
You are too injured to fight recklessly!
You are too injured to fight recklessly!
You are too injured to fight recklessly!
You closely miss the adder. Your bite misses the adder.
The adder is severely wounded.
The adder bites you.
You die...

#.........# #.#######.# #####
#.# #.### #...####.#### ##.##.
#...........###....#
******#######...####.##.....#.##
*,,,,,.............#.######....#
*,****########.###.#.# ##....
*,**********#..@#*,#.#*****.....
*,,,,,,,......#†S......,,,.###..
*,,*****####.....#...#.**.#* ##.
*,,* *...#.#.#,....,..* #. **,*
#.#...*.#,,...,,,** *#> *,*
#.##.<,.#,*,#.,,,,***,, *,*
#,*#.#,.#,*,*,****,,,,,
**,*******,*#.*,..,,,,,**,,,,,,,
*,,,,,,,,,,**,,,,,,,,,,**,*****,


You could see an adder.

Vanquished Creatures
  An adder (D:2)
  An ooze (D:1)
  A dart slug (D:1)
  A leopard gecko (D:1)
  A bat (D:1)
  2 goblins (D:1)
  6 hobgoblins (D:1)
  3 kobolds
  A frilled lizard (D:1)
  2 rats (D:1)
19 creatures vanquished.

Notes
Turn   | Place    | Note
-------+----------+-------------------------------------------
     0 | D:1      | Rrauwl the Vine Stalker Warper began the quest for the Orb.
     0 | D:1      | Reached XP level 1. HP: 11/11 MP: 4/4
    22 | D:1      | Reached skill level 1 in Throwing
   258 | D:1      | Reached skill level 1 in Armour
   258 | D:1      | Reached XP level 2. HP: 13/15 MP: 6/6
   796 | D:1      | Reached XP level 3. HP: 18/18 MP: 7/7
  1170 | D:2      | Slain by an adder

Skill      XL: |  1  2  3 |
---------------+----------+-----
Throwing       | 1 |  1.3
Armour         | 1 |  1.2
Polearms       | 2 |  2.1
Fighting       | 2 |  2.0
Dodging        | |  1.7
Stealth        | |  0.6
Spellcasting   | |  2.6
Translocations | |  3.0

Action                   || total
-------------------------++-------
Melee: Spear             ||    90
       Bite              ||    17
  Use: Scroll            ||     4
       Potion            ||     2
 Stab: Sleeping          ||     2
  Eat: Chunk             ||     1
Armor: Leather armour    ||    12
Dodge: Dodged            ||    41
